 Dungeon Crawl Stone Soup version 0.29.1-12-g30fa7ad0bf (webtiles) character file.

Game seed: 9711614269619933982

86 ThatPearl the Trooper (level 4, -4/55 HPs)
             Began as a Demonspawn Berserker on Jan 10, 2023.
             Was a Believer of Trog.
             Blown up by Ijyb (16 damage)
             ... with a mindburst bolt
             ... on level 3 of the Dungeon.
             The game lasted 00:04:32 (1890 turns).

ThatPearl the Trooper (Demonspawn Berserker)        Turns: 1890, Time: 00:04:32

Health: -4/55      AC: 12    Str: 20    XL:     4   Next: 27%
Magic:  4/4        EV: 10    Int:  8    God:    Trog [**....]
Gold:   134        SH:  0    Dex: 12    Spells: 3/3 levels left

rFire   . . .      SeeInvis .   a - +0 hand axe
rCold   . . .      Faith    .   (no shield)
rNeg    . . .      Spirit   .   o - +0 scale mail
rPois   .          Reflect  .   (no helmet)
rElec   .          Harm     .   l - +0 cloak
rCorr   .          Rampage  .   b - +0 pair of gloves
Will    .....                   (no boots)
Stlth   ..........              (no amulet)
HPRegen 0.18/turn               e - +4 ring of protection
MPRegen 0.09/turn               (no ring)

@: berserking, very quick
A: claws 2, powered by death 1
a: Renounce Religion, Berserk, Trog's Hand


You were on level 3 of the Dungeon.
You worshipped Trog.
Trog was pleased with you.
You visited 1 branch of the dungeon, and saw 4 of its levels.

You collected 134 gold pieces.

Inventory:

Hand Weapons
 a - a +0 hand axe (weapon)
 q - a +0 spear
 s - a +0 sling
Missiles
 p - 19 stones (quivered)
Armour
 b - a +0 pair of gloves (worn)
 l - a +0 cloak (worn)
 o - a +0 scale mail (worn)
Jewellery
 e - a +4 ring of protection (left hand)
 r - a ring of fire
Scrolls
 c - a scroll of poison {unknown}
 d - 3 scrolls of teleportation {unknown}
 g - a scroll of amnesia {unknown}
 i - a scroll of magic mapping {unknown}
 j - 3 scrolls of identify {unknown}
 k - a scroll of vulnerability {unknown}
 m - a scroll of blinking {unknown}
 n - a scroll of enchant weapon {unknown}
Potions
 f - 4 potions of curing {unknown}
 h - a potion of lignification {unknown}


   Skills:
 + Level 3.8 Fighting
 + Level 3.5 Axes
 + Level 2.6 Armour
 - Level 1.8 Dodging


You had 3 spell levels left.
You didn't know any spells.
Your spell library was empty.

Dungeon Overview and Level Annotations

Branches:
Dungeon (4/15)
 Temple: D:4-7

Altars:

Annotations:
D:3 Ijyb


Innate Abilities, Weirdness & Mutations

You have very sharp fingernails.
You regenerate a little health from kills.


Message History

Ijyb the Twisted Goblin comes into view.
She is wielding a +0 club and carrying a wand of mindburst (11).
A goblin comes into view. It is wielding a +0 dagger.
The goblin shouts!
Ijyb shouts!
The jackal barely misses you.
There is a large open door here.
You hit the jackal.
The jackal is almost dead.
The jackal bites you but does no damage. x2
You hit the jackal.
You kill the jackal!
Trog accepts your kill.
You barely miss the goblin. x2; The goblin hits you but does no damage.
You closely miss the goblin. You barely miss the goblin.
The goblin closely misses you. x2
You barely miss Ijyb. You hit the goblin. You closely miss the goblin.
The goblin barely misses you. Ijyb hits you but does no damage.
The goblin completely misses you.
You closely miss Ijyb. You closely miss the goblin. You hit the goblin.
You kill the goblin!
Trog accepts your kill. The goblin hits you but does no damage.
Ijyb hits you with a +0 club.
You completely miss Ijyb. You hit the goblin.
You kill the goblin!
Trog accepts your kill.
Ijyb zaps a wand.
Your mind is blasted!
Ijyb zaps a wand.
Your mind is blasted!
You hit Ijyb.
Ijyb is moderately wounded.
Ijyb hits you but does no damage.
You hit Ijyb but do no damage.
Ijyb is moderately wounded.
Ijyb zaps a wand.
Your mind is blasted!
* * * LOW HITPOINT WARNING * * *
You hit Ijyb but do no damage.
Ijyb is moderately wounded.
Ijyb hits you with a +0 club.
* * * LOW HITPOINT WARNING * * *
A red film seems to cover your vision as you go berserk!
You feel yourself moving faster!
You feel mighty!
Ijyb zaps a wand.
Your mind is blasted!
You die...

#.....#...#..≈≈#
#.....#...#..≈≈#
#.....#...#..≈≈#
##+##.....##'##..≈≈#
#........))..#...≈≈#
#........†...#...≈≈#
#...##########...≈≈#
#...#)...... ####≈≈#
#...@g...... ≈≈#
#...)....... ≈≈#
############ ###


You could see Ijyb.

Vanquished Creatures
  An adder (D:2)
  A worm (D:1)
  A dart slug (D:2)
  7 endoplasms
  7 giant cockroaches
  9 goblins
  6 hobgoblins
  8 jackals
  2 kobolds (D:1)
  2 quokkas (D:1)
  7 ball pythons
  3 bats
  A frilled lizard (D:1)
  10 rats
65 creatures vanquished.

Notes
Turn   | Place    | Note
-------+----------+-------------------------------------------
     0 | D:1      | ThatPearl the Demonspawn Berserker began the quest for the
                  | Orb.
     0 | D:1      | Reached XP level 1. HP: 18/18 MP: 1/1
     1 | D:1      | Found a runed translucent door.
   281 | D:1      | Gained mutation: You regenerate a little health from kills.
                  | [demonic ancestry]
   281 | D:1      | Reached XP level 2. HP: 18/24 MP: 2/2
   661 | D:1      | Reached ** piety under Trog
   901 | D:1      | Gained mutation: You have sharp fingernails. [demonic
                  | ancestry]
   901 | D:1      | Reached XP level 3. HP: 29/29 MP: 3/3
  1649 | D:2      | You fall into a shaft and drop 2 floors!
  1676 | D:3      | Gained mutation: You have very sharp fingernails. [demonic
                  | ancestry]
  1676 | D:3      | Reached XP level 4. HP: 37/37 MP: 4/4
  1878 | D:3      | Noticed Ijyb
  1890 | D:3      | Blown up by Ijyb

Illustrated notes

Levels and vault maps discovered:
D:1:      dpeg_arrival_caged_fury, layout_basic
D:2:      layout_loops_corners, minmay_tiny_reverse_x
D:3:      kennysheep_goblin_castle, layout_basic,
          gammafunk_temple_overflow_statue, nicolae_gozag_zags_fifth_avenue,
          elyvilon_altar_1
D:4:      layout_cave_pools, minmay_temple_entry_proselytizer

Skill      XL: |  1  2 |
---------------+-------+-----
Armour         | 2 |  2.6
Axes           | 3 |  3.5
Fighting       | |  3.8
Dodging        | |  1.8

Action                   |  1- 3 |  4- 6 || total
-------------------------+-------+-------++-------
Melee: Hand axe          |   135 |    46 ||   181
       Punch             |     1 |       ||     1
Invok: Berserk           |     1 |     1 ||     2
 Stab: Sleeping          |     1 |       ||     1
Armor: Animal skin       |    12 |       ||    12
       Ring mail         |    23 |       ||    23
       Scale mail        |    27 |    24 ||    51
Dodge: Dodged            |    94 |    30 ||   124
